 Dungeon Crawl Stone Soup version 0.31-a0-702-gf82c85558f (webtiles) character file.

Game seed: 3535538829448456210

38 qw the Shooter (level 3, -3/22 HPs)
             Began as a Gargoyle Hunter on Sept 7, 2023.
             Slain by a goblin
             ... wielding a +0 dagger
             ... led by Robin
              (5 damage)
             ... on level 2 of the Dungeon.
             The game lasted 00:00:21 (815 turns).

qw the Shooter (Gargoyle Hunter)                     Turns: 815, Time: 00:00:22

Health: -3/22      AC:  6    Str: 14    XL:     3   Next: 43%
Magic:  3/3        EV: 11    Int:  9    God:
Gold:   77         SH:  0    Dex: 15    Spells: 2/2 levels left

rFire   . . .        Y - +0 shortbow
rCold   . . .        (shield currently unavailable)
rNeg    + . .        c - +0 leather armour
rPois   inf          (no helmet)
rElec   +            (no cloak)
rCorr   .            (no gloves)
SInv    .            (no boots)
Will    .....        (no amulet)
Stlth   ++           (no ring)
HPRegen 0.23/turn    (no ring)
MPRegen 0.08/turn

%: no passive effects
@: no status effects
A: sickness immunity, AC +3, negative energy resistance 1, electricity
resistance, torment resistance 1, petrification resistance
a: no special abilities


You were on level 2 of the Dungeon.
You visited 1 branch of the dungeon, and saw 2 of its levels.

You collected 77 gold pieces.


Innate Abilities, Weirdness & Mutations

You are immune to sickness and miasma.
Your stone body is resilient. (AC +3)
You are immune to poison.
You resist negative energy. (rN+)
You are resistant to electric shocks. (rElec)
You are resistant to unholy torment.
You are immune to petrification.


   Skills:
 + Level 2.6 Fighting
 - Level 5.0 Ranged Weapons
 - Level 1.5 Dodging
 - Level 1.1 Stealth


You had 2 spell levels left.
You didn't know any spells.
Your spell library was empty.

Inventory:

Hand Weapons
 Y - a +0 shortbow (weapon)
Armour
 c - a +0 leather armour (worn)
Scrolls
 a - 4 scrolls of vulnerability {unknown}
 e - a scroll of acquirement {unknown}
 h - a scroll of identify {unknown}
Potions
 b - a potion of enlightenment {unknown}
 d - a potion of magic {unknown}
 f - a potion of heal wounds {unknown}
 g - a potion of attraction {unknown}

Dungeon Overview and Level Annotations

Branches:
Dungeon (2/15)

Altars:

Annotations:
D:2 Robin


Message History

Robin shouts!
The goblin shouts!
The arrow hits the goblin!
You kill the goblin!
A goblin comes into view. It is wielding a +0 dagger.
Robin throws the goblin at you!
You shoot an arrow. The arrow barely misses the goblin.
A goblin comes into view. It is wielding a +0 club.
A hobgoblin comes into view.
The goblin hits you but does no damage.
You shoot an arrow. The arrow hits the goblin.
The goblin is moderately wounded.
The goblin closely misses you.
You shoot an arrow. The arrow hits the goblin!
You kill the goblin!
A goblin comes into view. It is wielding a +0 club.
Robin throws the goblin at you!
You shoot an arrow. The arrow hits the goblin.
The goblin is almost dead.
The goblin closely misses you. The goblin hits you but does no damage.
The hobgoblin completely misses you. The goblin hits you with a +0 club.
The goblin hits you but does no damage.
You shoot an arrow. The arrow misses the goblin.
The hobgoblin barely misses you.
A goblin comes into view. It is wielding a +0 club.
The goblin barely misses you. The goblin closely misses you.
Robin roars a battlecry!
The goblins go into a battle-frenzy!
You shoot an arrow. The arrow closely misses the goblin.
The goblin hits you with a +0 club. x2; The hobgoblin hits you.
You shoot an arrow. The arrow hits the goblin.
You kill the goblin!
The goblin hits you with a +0 club. The hobgoblin hits you.
Robin says, "My army is invincible!"
You shoot an arrow. The arrow hits the goblin!
You kill the goblin!
You shoot an arrow. The arrow hits the hobgoblin.
The hobgoblin is heavily wounded.
The hobgoblin closely misses you. Robin throws the goblin at you!
The goblin hits you with a +0 dagger.
You die... ... .. g. ##.. # # #gg

#.# #.# #.# ####g#
..# #..g@# #
#..g.# ## #....#
.############....#
......##.........#
#####..#......####
######>...%...#
.....#.#.....##
####.#.#.....#


You could see Robin, 2 hobgoblins and 3 goblins.

Vanquished Creatures
  3 ball pythons
  4 endoplasms (D:1)
  A giant cockroach (D:1)
  2 hobgoblins
  5 jackals (D:1)
  2 quokkas (D:1)
  3 frilled lizards (D:1)
  6 goblins
  5 kobolds (D:1)
  3 rats (D:1)
34 creatures vanquished.

Notes
Turn   | Place    | Note
-------+----------+-------------------------------------------
     0 | D:1      | qw the Gargoyle Hunter began the quest for the Orb.
     0 | D:1      | Reached XP level 1. HP: 12/12 MP: 1/1
     0 | D:1      | 0 ||| qw: Version: 0.3-a-76-g4403597
     0 | D:1      | 0 ||| qw: Game counter: 905
     0 | D:1      | 0 ||| qw: Melee chars always use a shield: true
     0 | D:1      | 0 ||| qw: God list: Okawaru
     0 | D:1      | 0 ||| qw: Allow faded altars: false
     0 | D:1      | 0 ||| qw: Do Orc after clearing Dungeon:15 true
     0 | D:1      | 0 ||| qw: Do second Lair branch before Depths: true
     0 | D:1      | 0 ||| qw: Lair rune preference: random
     0 | D:1      | 0 ||| qw: Goals: Normal
     0 | D:1      | 0 ||| PLANNING D:1-11
   222 | D:1      | Reached XP level 2. HP: 17/17 MP: 2/2
   522 | D:1      | Reached XP level 3. HP: 15/21 MP: 3/3
   530 | D:1      | Reached skill level 5 in Ranged Weapons
   705 | D:1      | 705 ||| READING scroll labelled OCIEL ASISO.
   706 | D:1      | 706 ||| DROPPING scroll of butterflies.
   805 | D:2      | Noticed Robin
   813 | D:2      | HP: 5/22 [goblin/+0 club[Robin] (3)]
   813 | D:2      | HP: 1/22 [hobgoblin[Robin] (4)]
   815 | D:2      | Slain by a goblin

Levels and vault maps discovered:
D:1:      dpeg_arrival_tiny_c, layout_basic
D:2:      layout_basic, minmay_tetromino_t4, uniq_robin

Skill      XL: |  1  2  3 |
---------------+----------+-----
Ranged Weapons | 5 |  5.0
Fighting       | |  2.6
Dodging        | |  1.5
Stealth        | |  1.1

Action                     || total
---------------------------++-------
   Fire: Shortbow          ||    97
    Use: Scroll            ||     1
 Armour: Leather armour    ||    43
  Dodge: Dodged            ||    36

Table legend:
 A = Non-vault XP
 B = Vault XP
 C = Vault XP percentage of total XP
 D = Non-vault monster count
 E = Vault monster count
 F = Vault count percentage of total count
                 A         B        C        D         E       F
            +---------+---------+-------+---------+---------+-------
      Total |      46 |       9 |  16.4 |      29 |       5 |  14.7
            +---------+---------+-------+---------+---------+-------
        D:1 |      42 |       0 |   0.0 |      27 |       0 |   0.0
        D:2 |       4 |       9 |  69.2 |       2 |       5 |  71.4
            +---------+---------+-------+---------+---------+-------
